 Dungeon Crawl Stone Soup version bcrawl-1.21.2-1-g32d02e0829 (webtiles) character file.

Game seed: 6848501381771656628

92 Mrkan the Skirmisher (level 4, -2/41 HPs)
             Began as a Hill Orc Fighter on Feb 24, 2020.
             Killed by divine providence
             ... invoked by an orc priest
              (12 damage)
             ... on level 3 of the Dungeon.
             The game lasted 00:02:50 (2013 turns).

Mrkan the Skirmisher (Hill Orc Fighter)             Turns: 2013, Time: 00:02:51

Health: -2/41      AC: 10    Str: 24    XL:     4   Next: 60%
Magic:  4/4        EV:  6    Int:  8    God:
Gold:   125        SH:  9    Dex: 10    Spells: 3/3 levels left

rFire    . . .     SeeInvis .   a - +0 war axe
rCold    . . .     Gourm    .   c - +0 shield
rNeg     . . .     Faith    .   h - +0 chain mail
rPois    .         Spirit   .   (no helmet)
rElec    .         Reflect  .   o - +0 cloak
rCorr    .         Harm     .   (no gloves)
MR       .....                  (no boots)
Stlth    ..........             (no amulet)
HPRegen  0.13/turn              (no ring)
MPRegen  0.09/turn              (no ring)

@: mighty
A: no striking features
a: Convert to Beogh


You were on level 3 of the Dungeon.
You were hungry.

You visited 1 branch of the dungeon, and saw 3 of its levels.

You collected 125 gold pieces.

Inventory:

Hand Weapons
 a - a +0 war axe (weapon)
Armour
 c - a +0 shield (worn)
 h - a +0 chain mail (worn)
 o - a +0 cloak (worn)
Scrolls
 b - 4 scrolls of identify {unknown}
 f - a scroll of teleportation {unknown}
 g - 4 scrolls of remove curse {unknown}
 j - a scroll of blinking {unknown}
 k - a scroll of enchant armour {unknown}
 n - a scroll of immolation {unknown}
Potions
 i - a potion of haste {unknown}
 l - 2 potions of agility {unknown}
Comestibles
 e - 8 rations {!d}


   Skills:
 * Level 4.8 Fighting
   Level 4.8 Short Blades
   Level 4.8 Long Blades
   Level 4.8 Axes
   Level 4.8 Maces & Flails
   Level 4.8 Polearms
   Level 4.8 Staves
 + Level 4.0 Armour
 + Level 4.0 Shields
   Level 4.8 Unarmed Combat


You had 3 spell levels left.
You didn't know any spells.
Your spell library contained the following spells:

 Spells                   Type           Power        Failure   Level  Hunger
 Beastly Appendage        Tmut           #.....       100%        1    ##.....
 Sticks to Snakes         Tmut           #.......     100%        2    ###....
 Spider Form              Tmut/Pois      #..          100%        3    ####...
 Ice Form                 Ice/Tmut       #.......     100%        4    #####..
 Blade Hands              Tmut           #.........   100%        5    ######.


Dungeon Overview and Level Annotations

Branches:
Dungeon (3/12)

Altars:
Kikubaaqudgha


Message History

You slash the worm!
You kill the worm!
Your life force feels restored.
You feel very mighty all of a sudden.
The orc wizard mumbles some strange words.
The orc wizard blinks!
The orc hits you but does no damage.
You closely miss the orc.
A worm comes into view.
The orc hits you but does no damage.
You closely miss the orc. The orc hits you but does no damage.
You closely miss the orc. You block the orc's attack.
You closely miss the orc. The orc hits you but does no damage.
You slash the orc!
You kill the orc!
You hit the orc priest.
The orc priest shouts, "Surrender to Beogh and we'll let you live!"
The orc priest is moderately wounded.
The orc priest calls down the wrath of Beogh upon you.
Beogh smites you!
You die...

###.. .... ...
###..###
##......#..
#..#.......
#..<.o.....
####o#####..#.
#.@oo.w....$
####..##...#
#.## .# #.#
... .#. . .#
##


You could see a worm, an orc priest, an orc wizard and an orc.

Vanquished Creatures
  Crazy Yiuf (D:2)
  3 worms
  A leopard gecko (D:2)
  2 orcs
  2 ball pythons
  3 bats
  3 giant cockroaches (D:1)
  9 goblins
  8 hobgoblins
  2 quokkas (D:2)
  2 frilled lizards
  8 kobolds
  4 rats
48 creatures vanquished.

Vanquished Creatures (others)
  A human (D:2)
1 creature vanquished.

Grand Total: 49 creatures vanquished

Notes
Turn   | Place    | Note
-------+----------+-------------------------------------------
     0 | D:1      | Mrkan the Hill Orc Fighter began the quest for the Orb.
     0 | D:1      | Reached XP level 1. HP: 20/20 MP: 1/1
    79 | D:1      | Noticed a polar bear
    79 | D:1      | Noticed a rime drake
   155 | D:1      | Reached XP level 2. HP: 27/27 MP: 2/2
   741 | D:1      | Reached XP level 3. HP: 34/34 MP: 3/3
  1149 | D:2      | Found an ancient bone altar of Kikubaaqudgha.
  1149 | D:2      | Noticed a human
  1154 | D:2      | Killed a human
  1646 | D:2      | Found a runed door.
  1713 | D:2      | Reached XP level 4. HP: 41/41 MP: 4/4
  1802 | D:2      | Noticed Crazy Yiuf
  1814 | D:2      | Killed Crazy Yiuf
  2013 | D:3      | Killed from afar by an orc priest

Skill      XL: |  1  2  3  4 |
---------------+-------------+-----
Armour         | 4 |  4.0
Shields        | 4 |  4.0
Fighting       | |  4.8
Short Blades   | |  4.8
Long Blades    | |  4.8
Axes           | |  4.8
Maces & Flails | |  4.8
Polearms       | |  4.8
Staves         | |  4.8
Unarmed Combat | |  4.8

Action                   |  1- 3 |  4- 6 || total
-------------------------+-------+-------++-------
Melee: War axe           |   145 |    17 ||   162
  Use: Potion            |       |     1 ||     1
 Stab: Invisible         |       |     1 ||     1
  Eat: Chunk             |     3 |       ||     3
Armor: Scale mail        |    27 |       ||    27
       Chain mail        |    43 |     7 ||    50
Dodge: Dodged            |    35 |     2 ||    37
Block: Shield            |    80 |     2 ||    82
